 Dungeon Crawl Stone Soup version 0.28-a0-1190-g77e1c55843 (webtiles) character file.

Game seed: 15604044017982166785

9 halfoni the Skirmisher (level 2, 32/32 HPs)
             Began as an Ogre Berserker on Dec 19, 2021.
             Was a Follower of Trog.
             Quit the game on level 1 of the Dungeon.
             The game lasted 00:01:06 (561 turns).

halfoni the Skirmisher (Ogre Berserker)              Turns: 561, Time: 00:01:07

Health: 32/32      AC:  3    Str: 20    XL:     2   Next: 12%
Magic:  2/2        EV: 10    Int:  8    God:    Trog [*.....]
Gold:   41         SH:  0    Dex:  8    Spells: 1/1 levels left

rFire   . . .      SeeInvis .   a - +0 hand axe
rCold   . . .      Faith    .   (no shield)
rNeg    . . .      Spirit   .   b - +0 animal skin
rPois   .          Reflect  .   (helmet restricted)
rElec   .          Harm     .   (no cloak)
rCorr   .          Rampage  .   (gloves unavailable)
Will    .....                   (boots unavailable)
Stlth   +.........              (no amulet)
HPRegen 0.10/turn               (no ring)
MPRegen 0.08/turn               (no ring)

@: no status effects
A: large, unfitting armour, tough skin 1
a: Renounce Religion, Berserk


You were on level 1 of the Dungeon.
You worshipped Trog.
Trog was aware of your devotion.
You visited 1 branch of the dungeon, and saw 1 of its levels.

You collected 41 gold pieces.

Inventory:

Hand Weapons
 a - a +0 hand axe (weapon)
Armour
 b - a +0 animal skin (worn)
Scrolls
 d - a scroll of enchant armour {unknown}
 e - a scroll of noise {unknown}
 f - a scroll of vulnerability {unknown}
 g - a scroll of blinking {unknown}
Potions
 c - a potion of berserk rage {unknown}


   Skills:
 + Level 4.3 Fighting
 + Level 3.2 Axes
 + Level 2.9 Dodging


You had one spell level left.
You didn't know any spells.
Your spell library was empty.

Dungeon Overview and Level Annotations

Branches:
Dungeon (1/15)

Altars:

Shops:
D:1 [


Innate Abilities, Weirdness & Mutations

You are too large for most types of armour.
You have tough skin. (AC +1)


Message History

You open the door.
There is an open door here.
You open the door.
There is an open door here.
You now have 41 gold pieces (gained 13).
Found a stone staircase leading down.
Found 25 stones.
e - a scroll labelled QUPEMO DUASOU
f - a scroll labelled ZENWITWIJUIJ You open the door.
Found a mace.
As you open the door, it creaks loudly!
There is an open door here.
g - a scroll labelled SUPTIF ESE You see here a +0 mace.
There is an open door here.
You see here a ball python skeleton.
You see here a +0 dagger.
There is an open door here.
You open the door.
Found a ring mail.
You open the door.
Found a ring mail.
There is an open door here.
You hit the fungus.
The fungus begins to die.
The fungus is lightly damaged.
You see here a +0 ring mail.
h - a +0 ring mail A nearby fungus withers and dies.
This armour is too small for you!
Drop what? 8/52 slots (_ for help) (? for menu, Esc to quit)
Okay, then.
This armour is too small for you!
Drop what? 8/52 slots (_ for help) (? for menu, Esc to quit)
You drop a +0 ring mail.
There is an open door here.
Are you sure you want to abandon this character and quit the game? (Confirm with "yes".)
Okay, then.
Unknown command.
Are you sure you want to abandon this character and quit the game? (Confirm with "yes".)

##### ######### #P..#
........# +...+
........# #...#
........# ####...####
........#####..#...#..#
............#<.'@..'[.#
###########.#.P#.#.#..#
#.####.#.####
#.#..#...#P.#
#.#..'...'.(#
#.#..#...#.P#
#.####...####
#.#..#...#≈.#
#.#[.'...'..#


There were no monsters in sight!

Vanquished Creatures
  A ball python (D:1)
  2 bats (D:1)
  A giant cockroach (D:1)
  A goblin (D:1)
  A kobold (D:1)
  A rat (D:1)
7 creatures vanquished.

Vanquished Creatures (others)
  A fungus (D:1)
1 creature vanquished.

Grand Total: 8 creatures vanquished

Notes
Turn   | Place    | Note
-------+----------+-------------------------------------------
     0 | D:1      | halfoni the Ogre Berserker began the quest for the Orb.
     0 | D:1      | Reached XP level 1. HP: 24/24 MP: 1/1
   167 | D:1      | Found Tetteim's Armour Emporium.
   186 | D:1      | Reached XP level 2. HP: 29/32 MP: 2/2
   357 | D:1      | Found a faded altar of an unknown god.
   561 | D:1      | Quit the game

Illustrated notes

Levels and vault maps discovered:
D:1:      dpeg_arrival_prison, layout_basic, serial_shops, shop,
          hellmonk_ecumenical_altar_heavens_door

Action                   || total
-------------------------++-------
Melee: Hand axe          ||    31
Armor: Animal skin       ||    20
Dodge: Dodged            ||    24

Table legend: (Time is in decaauts)
 A = Elapsed time spent in this place.
 B = Non-inter-level travel time spent in this place.
 C = Inter-level travel time spent in this place.
 D = Time resting spent in this place.
 E = Time spent auto-exploring this place.
 F = Levels seen in this place.
 G = Mean time per level.
                   A        B        C        D        E       F      G
               +--------+--------+--------+--------+--------+-----+--------+
         Total |    565 |    565 |      0 |      0 |    479 |   1 |  565.0 |
       Dungeon |    565 |    565 |      0 |      0 |    479 |   1 |  565.0 |
               +--------+--------+--------+--------+--------+-----+--------+

Top non-repeatable levels by time:
     D:1: 565 daAuts
